 Dungeon Sprint DCSS version 0.21-a0-404-g291f19a (webtiles) character file.

4249 Kidiri the Fighter (level 10, -5/94 HPs)
             Began as a Demonspawn Gladiator on Oct 26, 2017.
             Was an Elder of Wu Jian.
             Slain by a flayed ghost (54 damage)
             ... in the Dungeon (Sprint VII: "The Pits").
             The game lasted 00:12:08 (1892 turns).

Kidiri the Fighter (Demonspawn Gladiator)           Turns: 1892, Time: 00:12:09

Health: -5/94      AC: 13    Str: 16    XL:     10   Next: 9%
Magic:  10/10      EV: 21    Int: 12    God:    Wu Jian [****..]
Gold:   0          SH:  0    Dex: 17    Spells: 9/9 levels left

rFire    . . .     SeeInvis .   a - +0 long sword
rCold    . . .     Gourm    .   (no shield)
rNeg     . . .     Faith    .   u - +5 ring mail
rPois    .         Spirit   .   (helmet restricted)
rElec    .         Reflect  .   (no cloak)
rCorr    .         Harm     .   (gloves unavailable)
MR       .....     NoTele   +   (no boots)
Stlth    ++++......             (no amulet)
HPRegen  0.65/turn              k - +3 ring of evasion
MPRegen  0.12/turn              s - +3 ring of intelligence

@: exhausted, sleeping, flayed
A: antennae 1, claws 3, icy blue scales 1, regeneration 1, robust 1
a: Serpent's Lash, Renounce Religion


You were in the Dungeon.
You worshipped Wu Jian.
Wu Jian was greatly pleased with you.
You were full.

You visited 1 branch

Inventory:

Hand Weapons
 a - a +0 long sword (weapon)
Missiles
 r - 18 stones (quivered)
Armour
 b - a +0 pair of gloves
 u - a +5 ring mail (worn)
Jewellery
 k - a +3 ring of evasion (left claw)
 s - a +3 ring of intelligence (right claw)
Scrolls
 m - 3 scrolls of remove curse
 n - 5 scrolls of amnesia
 o - a scroll of summoning
Potions
 e - 7 potions of curing
 g - 6 potions of heal wounds
 i - 4 potions of magic
 j - 2 potions of berserk rage
 l - 2 potions of invisibility
 t - 2 potions of might
Comestibles
 c - 9 chunks of flesh
 f - 8 bread rations
 p - 29 fruits
 q - 7 meat rations


   Skills:
 * Level 10.9 Fighting
 * Level 10.3 Long Blades
 + Level 7.2 Throwing
 + Level 6.9 Armour
 * Level 10.3 Dodging
 * Level 10.7 Stealth


You had 9 spell levels left.
You didn't know any spells.

Dungeon Overview and Level Annotations

Branches:
Dungeon (1/1)

Altars:
Ashenzari
Cheibriados
Dithmenos
Elyvilon
Fedhas
Gozag
Hepliaklqana
Kikubaaqudgha
Makhleb
Nemelex Xobeh
Okawaru
Qazlal
Ru
Sif Muna
Trog
Uskayaw
Vehumet
Wu Jian
Xom
Yredelemnul
Zin
The Shining One
Beogh
Jiyva
Lugonu

Annotations:
D exclusions: 4 doors and 6 more exclusions


Innate Abilities, Weirdness & Mutations

You have claws for hands.
You are partially covered in icy blue scales. (AC +2)
You are robust. (+10% HP)
You have a pair of small antennae on your head.
Your natural rate of healing is unusually fast.


Message History

You slash the dream sheep!
You kill the dream sheep!
The Council accepts your kill. The dream sheep completely misses you.
The dream sheep misses you.
You riposte.
You hit the dream sheep.
The dream sheep is lightly wounded.
Unknown command.
You attack the dream sheep from above.
You barely miss the dream sheep.
The dream sheep is lightly wounded.
You repeatedly attack the flayed ghost from above.
You barely miss the flayed ghost.
The flayed ghost is lightly damaged.
You hit the flayed ghost but do no damage.
The flayed ghost is lightly damaged.
The dream sheep ruffle their wool and motes of dream dust sparkle, to no effect.
The dream sheep shake their wool and sparkle.
You feel drowsy...
You fall asleep.
The flayed ghost hits you!!!
Ouch! That really hurt!
You die...

................#
......#..#......#
................+
)...............+
.....)#..#......#
................#
###+#####''######
.......##''# ##### ####
.......##..###†Y@###..+
.......##...##YW§##..#
...<...###...##'##..##
.......# ##..........##
.......###..###+###...#
.......##..##.....##..#
#########..+.......+..+
#########§§##.....##..#
..#..[.###..###÷###...#


You could see a flayed ghost and 2 dream sheep.

Vanquished Creatures
  A deep troll (D)
  A lindwurm (D)
  A rime drake (D)
  A kobold demonologist (D)
  A hellwing (D)
  3 blink frogs (D)
  2 dream sheep (D)
  A redback (D)
  2 wyverns (D)
  A fire bat (D)
  A wraith (D)
  2 wargs (D)
  A floating eye (D)
  A black bear (D)
  A wolf (D)
  A big kobold (D)
  A gnoll sergeant (D)
  3 orc priests (D)
  A hell rat (D)
  A worker ant (D)
  A mummy (D)
  2 gnolls (D)
  A river rat (D)
  2 ufetubi (D)
  3 oozes (D)
  An adder skeleton (D)
  2 orcs (D)
  2 giant cockroaches (D)
  A goblin (D)
  A hobgoblin (D)
  A kobold (D)
44 creatures vanquished.

Notes
Turn   | Place    | Note
-------+----------+-------------------------------------------
     0 | D        | Kidiri the Demonspawn Gladiator began the quest for the Orb.
     0 | D        | Reached XP level 1. HP: 16/16 MP: 1/1
    22 | D        | Noticed a floating eye
    27 | D        | Paralysed by a floating eye for 2 turns
    29 | D        | Killed a floating eye
    29 | D        | Gained mutation: You have sharp fingernails. [demonic ancestry]
    29 | D        | Reached XP level 2. HP: 26/26 MP: 2/2
    29 | D        | Gained mutation: You have very sharp fingernails. [demonic ancestry]
    29 | D        | Reached XP level 3. HP: 31/31 MP: 3/3
    29 | D        | Reached XP level 4. HP: 38/38 MP: 4/4
    62 | D        | Found a bloodstained altar of Trog.
    62 | D        | Found a deep blue altar of Sif Muna.
    62 | D        | Found a viscous altar of Jiyva.
    62 | D        | Found a hazy altar of Hepliaklqana.
    62 | D        | Found an opulent altar of Gozag.
    63 | D        | Found a glowing golden altar of the Shining One.
    63 | D        | Found a glowing silver altar of Zin.
    63 | D        | Found a basalt altar of Yredelemnul.
    63 | D        | Found a shimmering altar of Xom.
    63 | D        | Found an ornate altar of the Wu Jian Council.
    63 | D        | Found a sacrificial altar of Ru.
    63 | D        | Found a stormy altar of Qazlal.
    63 | D        | Found an iron altar of Okawaru.
    63 | D        | Found a sparkling altar of Nemelex Xobeh.
    63 | D        | Found a burning altar of Makhleb.
    63 | D        | Found a blossoming altar of Fedhas.
    63 | D        | Found a white marble altar of Elyvilon.
    63 | D        | Found a shadowy altar of Dithmenos.
    63 | D        | Found a snail-covered altar of Cheibriados.
    65 | D        | Found a radiant altar of Vehumet.
    65 | D        | Found a corrupted altar of Lugonu.
    65 | D        | Found a roughly hewn altar of Beogh.
    66 | D        | Found a hide-covered altar of Uskayaw.
    66 | D        | Found an ancient bone altar of Kikubaaqudgha.
    66 | D        | Found a shattered altar of Ashenzari.
    72 | D        | Became a worshipper of the Wu Jian Council
   184 | D        | Reached * piety under Wu Jian
   302 | D        | Reached ** piety under Wu Jian
   383 | D        | Noticed a warg
   383 | D        | Noticed a warg
   384 | D        | Noticed a black bear
   385 | D        | Noticed a big kobold
   385 | D        | Noticed a fire bat
   402 | D        | Reached skill level 5 in Fighting
   402 | D        | Reached skill level 5 in Long Blades
   402 | D        | Reached skill level 5 in Dodging
   402 | D        | Gained mutation: You are partially covered in icy blue scales. (AC +2) [demonic ancestry]
   402 | D        | Reached XP level 5. HP: 31/44 MP: 5/5
   526 | D        | Killed a warg
   526 | D        | Reached skill level 5 in Stealth
   526 | D        | Reached XP level 6. HP: 52/52 MP: 6/6
   536 | D        | Reached *** piety under Wu Jian
   546 | D        | Killed a warg
   716 | D        | Reached XP level 7. HP: 50/60 MP: 7/7
   790 | D        | Killed a fire bat
   794 | D        | Reached **** piety under Wu Jian
   794 | D        | Reached skill level 5 in Throwing
  1051 | D        | Noticed a wyvern
  1060 | D        | Killed a wyvern
  1131 | D        | Reached ***** piety under Wu Jian
  1266 | D        | Noticed a wyvern
  1267 | D        | Killed a wyvern
  1267 | D        | Reached skill level 5 in Armour
  1267 | D        | Gained mutation: You are robust. (+10% HP) [demonic ancestry]
  1267 | D        | Reached XP level 8. HP: 63/75 MP: 8/8
  1298 | D        | Gained mutation: You are somewhat resistant to further mutation. [potion of mutation]
  1299 | D        | Lost mutation: You are somewhat resistant to further mutation. [potion of mutation]
  1299 | D        | Gained mutation: Your natural rate of healing is unusually fast. [potion of mutation]
  1299 | D        | Gained mutation: You have a pair of small antennae on your head. [potion of mutation]
  1486 | D        | Noticed a deep troll
  1491 | D        | Killed a deep troll
  1511 | D        | Reached XP level 9. HP: 31/84 MP: 9/9
  1726 | D        | Noticed a hellwing
  1726 | D        | Noticed a kobold demonologist
  1736 | D        | Killed a kobold demonologist
  1736 | D        | Reached skill level 10 in Fighting
  1740 | D        | Killed a hellwing
  1740 | D        | Reached skill level 10 in Stealth
  1744 | D        | Noticed a lindwurm
  1744 | D        | Noticed a rime drake
  1751 | D        | Killed a rime drake
  1762 | D        | Killed a lindwurm
  1762 | D        | Reached skill level 10 in Long Blades
  1762 | D        | Reached skill level 10 in Dodging
  1762 | D        | Gained mutation: You have claws for hands. [demonic ancestry]
  1762 | D        | Reached XP level 10. HP: 72/94 MP: 10/10
  1883 | D        | Noticed a flayed ghost
  1892 | D        | Slain by a flayed ghost

Vault maps used:
D:        pitsprint

Skill      XL: |  1  2  3  4  5  6  7  8  9 |
---------------+----------------------------+-----
Fighting       | 4 5 7 8 9 10 | 10.9
Long Blades    | 4 5 6 7 8 10 | 10.3
Throwing       | 3 4 5 6 7 |  7.2
Armour         | 2 3 4 5 6 |  6.9
Dodging        | 4 5 6 7 9 10 | 10.3
Stealth        | 3 4 5 6 8 9 10 | 10.7

Action                   |  1- 3 |  4- 6 |  7- 9 | 10-12 || total
-------------------------+-------+-------+-------+-------++-------
Melee: Long sword        |     5 |    64 |   181 |    16 ||   266
Throw: Stone             |       |     1 |       |       ||     1
       Throwing net      |       |     3 |       |       ||     3
Invok: Serpent's Lash    |       |       |     8 |     1 ||     9
       Heavenly Storm    |       |       |     2 |       ||     2
  Use: Potion            |       |     5 |     6 |       ||    11
       Scroll            |       |     1 |       |       ||     1
 Stab: Sleeping          |       |     2 |     8 |     2 ||    12
       Held in net/web   |       |     1 |       |       ||     1
  Eat: Fruit             |       |       |    11 |       ||    11
Armor: Leather armour    |       |    13 |    11 |       ||    24
       Ring mail         |       |       |    28 |     1 ||    29
Dodge: Dodged            |       |    76 |   135 |    12 ||   223
       Rpst.: Long sword |       |    20 |    41 |     3 ||    64

Table legend:
 A = Spawn XP
 B = Non-spawn XP
 C = Spawn XP percentage of total XP
 D = Spawn monster count
 E = Non-spawn monster count
 F = Spawn count percentage of total count
 G = Total turns spent on level
                    A         B        C        D         E        F      G
               +---------+---------+-------+---------+---------+-------+---------
         Total |       0 |    6071 |   0.0 |       0 |      44 |   0.0 |  1892
               +---------+---------+-------+---------+---------+-------+---------
             D |       0 |    6071 |   0.0 |       0 |      44 |   0.0 |  1892
               +---------+---------+-------+---------+---------+-------+---------
